 Dungeon Crawl Stone Soup version 0.29-a0-323-g050149af67 (webtiles) character file.

Game seed: 2244866667579744252

368 ImHallYall the Chopper (level 6, -11/47 HPs)
             Began as a Demonspawn Gladiator on Apr 11, 2022.
             Was an Initiate of Hepliaklqana.
             Engulfed by a cloud of flame (22 damage)
             ... on level 4 of the Dungeon.
             The game lasted 00:10:15 (2824 turns).

ImHallYall the Chopper (Demonspawn Gladiator)       Turns: 2824, Time: 00:10:16

Health: -11/47     AC:  6    Str: 17    XL:     6   Next: 41%
Magic:  6/6        EV: 11    Int:  9    God:    Hepliaklqana [......]
Gold:   107        SH:  0    Dex: 20    Spells: 5/5 levels left

rFire   . . .      SeeInvis .   w - +1 hand axe (vorpal)
rCold   + . .      Faith    .   (no shield)
rNeg    . . .      Spirit   .   h - +0 ring mail
rPois   .          Reflect  .   c - +0 helmet
rElec   .          Harm     .   (no cloak)
rCorr   .          Rampage  .   (no gloves)
Will    .....                   (no boots)
Stlth   +.........              (no amulet)
HPRegen 0.15/turn               u - +6 ring of dexterity
MPRegen 0.10/turn               i - ring of protection from cold

@: no status effects
A: claws 2, hooves 1, spiny 1
a: Renounce Religion


You were on level 4 of the Dungeon.
You worshipped Hepliaklqana.
Hepliaklqana was noncommittal.
You visited 1 branch of the dungeon, and saw 4 of its levels.

You collected 107 gold pieces.

Inventory:

Hand Weapons
 a - a +0 war axe
 j - a +1 hand axe of flaming
 l - a +0 great mace
 w - a +1 vorpal hand axe (weapon)
 x - a +3 club
Missiles
 d - 3 throwing nets
 e - a javelin
 z - 3 boomerangs
Armour
 b - a +0 leather armour
 c - a +0 helmet (worn)
 h - a +0 ring mail (worn)
Jewellery
 g - a ring of resist corrosion
 i - a ring of protection from cold (right claw)
 u - a +6 ring of dexterity (left claw)
Scrolls
 f - a scroll of amnesia
 n - a scroll of fear
 p - a scroll of fog
 A - a scroll of teleportation {unknown}
Potions
 k - a potion of attraction {unknown}
 m - a potion of haste {unknown}
 o - 3 potions of curing {unknown}
 r - 2 potions of mutation {unknown}
 s - a potion of invisibility {unknown}
 t - a potion of berserk rage {unknown}
 v - 2 potions of cancellation {unknown}


   Skills:
 + Level 3.0(1.5) Fighting
 + Level 4.7(2.3) Axes
 + Level 1.7(0.8) Throwing
 + Level 2.6(1.3) Armour
 + Level 3.6(1.8) Dodging
 + Level 1.3(0.6) Stealth


You had 5 spell levels left.
You didn't know any spells.
Your spell library contained the following spells:

 Spells                   Type           Power      Damage    Failure   Level
 Sting                    Tmut/Pois      0%         1d3       58%         1
 Poisonous Vapours        Pois/Air       0%         N/A       75%         2
 Tukima's Dance           Hex            0%         N/A       92%         3
 Olgreb's Toxic Radiance  Pois           0%         N/A       100%        4
 Passage of Golubria      Tloc           0%         N/A       100%        4
 Yara's Violent Unravell  Hex/Tmut       0%         3d3       100%        5


Dungeon Overview and Level Annotations

Branches:
Dungeon (4/15)
 Temple: D:4-7

Altars:
Ashenzari
Cheibriados
Hepliaklqana
Uskayaw
Zin

Annotations:
D:4 Menkaure


Innate Abilities, Weirdness & Mutations

You have very sharp fingernails.
You have large cloven feet.
You are partially covered in sharp spines.


Message History

Found a hide-covered altar of Uskayaw.
Found a snail-covered altar of Cheibriados.
There is a hazy altar of Hepliaklqana here.
Things that are here:
a +0 hand axe; a +0 chain mail
Found a stone staircase leading up.
Done exploring.
There is a stone staircase leading down here.
You climb downwards.
Menkaure shouts!
The orc shouts!
Found a mace and a smoky blue potion.
There is a stone staircase leading up here.
Really read the scroll of immolation? [Y]es or [N]o only, please.
Really read the scroll of immolation? [Y]es or [N]o only, please.
Really read the scroll of immolation?
Okay, then.
Read: scroll of immolation
Press: ? - help, Q - select action, (/) - cycle Dir - look around, f - activate Look: Menkaure (susceptible)
As you read the scroll of immolation, it crumbles to dust.
The creatures around you are filled with an inner flame!
Unknown command.
Found 6 poisoned darts.
Menkaure gestures at you while chanting.
Pain shoots through your body!
Menkaure casts a spell.
Menkaure seems to speed up.
There is a stone staircase leading up here.
You hit the orc.
Flame seeps out of the orc. x2; Your kick misses the orc.
The orc is heavily wounded.
The orc is engulfed in blazing flames.
The orc explodes!
The fiery explosion engulfs you!!
Ouch! That really hurt!
* * * LOW HITPOINT WARNING * * *
You hear a shout!
You are engulfed in blazing flames.
You die...

... #... #....
#!.... #......
##...M... #
##........
....###§§§......
#....@°.......
####.§§.......
##.......).
##.#......
#..#....(
##.###... .. #..
...


You could see Menkaure (fast, inner flame).

Vanquished Creatures
  Grinder (D:3)
  Jessica (D:3)
  An orc wizard (D:3)
  Terence (D:3)
  2 adders
  A worm (D:3)
  2 dart slugs
  6 orcs
  6 bats
  5 endoplasms (D:1)
  2 giant cockroaches
  8 goblins
  7 hobgoblins
  2 quokkas (D:1)
  5 ball pythons
  3 frilled lizards (D:1)
  6 kobolds
  6 rats
65 creatures vanquished.

Notes
Turn   | Place    | Note
-------+----------+-------------------------------------------
     0 | D:1      | ImHallYall the Demonspawn Gladiator began the quest for the
                  | Orb.
     0 | D:1      | Reached XP level 1. HP: 16/16 MP: 1/1
   157 | D:1      | Reached skill level 3 in Axes
   160 | D:1      | Discovered your monstrous ancestry.
   160 | D:1      | Gained mutation: You have large cloven feet. [demonic
                  | ancestry]
   160 | D:1      | Reached XP level 2. HP: 20/22 MP: 2/2
   446 | D:1      | Found a faded altar of an unknown god.
   460 | D:1      | Gained mutation: You have sharp fingernails. [demonic
                  | ancestry]
   460 | D:1      | Reached XP level 3. HP: 17/27 MP: 3/3
   473 | D:1      | Prayed at the altar of an unknown god.
   473 | D:1      | Became a worshipper of Ashenzari the Shackled
  1429 | D:3      | Gained mutation: You are partially covered in sharp spines.
                  | [demonic ancestry]
  1429 | D:3      | Reached XP level 4. HP: 34/34 MP: 4/4
  1475 | D:3      | Reached skill level 1 in Armour
  1652 | D:3      | Reached skill level 4 in Axes
  1653 | D:3      | Noticed Jessica
  1657 | D:3      | Killed Jessica
  1658 | D:3      | Reached XP level 5. HP: 39/39 MP: 5/5
  1688 | D:3      | Noticed Terence
  1701 | D:3      | Killed Terence
  1702 | D:3      | Found a hazy altar of Hepliaklqana.
  1908 | D:3      | Fell from the grace of Ashenzari
  1908 | D:3      | Became a worshipper of Hepliaklqana the Forgotten
  2224 | D:3      | Noticed Grinder
  2233 | D:3      | Killed Grinder
  2234 | D:3      | Reached skill level 1 in Stealth
  2234 | D:3      | Gained mutation: You have very sharp fingernails. [demonic
                  | ancestry]
  2234 | D:3      | Reached XP level 6. HP: 21/47 MP: 6/6
  2686 | D:3      | Found a hide-covered altar of Uskayaw.
  2688 | D:3      | Found a snail-covered altar of Cheibriados.
  2819 | D:4      | Noticed Menkaure
  2824 | D:4      | Engulfed by a cloud of flame

Illustrated notes

Levels and vault maps discovered:
D:1:      lightli_arrival_noodles, layout_rooms,
          shapermc_ecumenical_altar_starsandcircs, minmay_split_cup_large
D:2:      layout_rooms
D:3:      layout_basic, zin_academy, lemuel_crystal_altar,
          nicolae_overflow_hidden_temple, uniq_terence, uniq_grinder,
          uniq_jessica
D:4:      layout_cave_pods, uniq_menkaure, uniq_eustachio, uniq_duvessa

Skill      XL: |  1  2  3  4  5 |
---------------+----------------+-----
Axes           | 3 4 |  4.7
Dodging        | 3 |  3.6
Armour         | 1 2 |  2.6
Fighting       | 3 |  3.0
Stealth        | 1 |  1.3
Throwing       | |  1.7

Action                   |  1- 3 |  4- 6 || total
-------------------------+-------+-------++-------
Melee: War axe           |    17 |       ||    17
       Hand axe          |    65 |    34 ||    99
       Kick              |    13 |    15 ||    28
       Punch             |     1 |     1 ||     2
  Use: Scroll            |     5 |     2 ||     7
 Stab: Sleeping          |     1 |       ||     1
Armor: Leather armour    |     7 |       ||     7
       Ring mail         |    31 |     9 ||    40
Dodge: Dodged            |    60 |    14 ||    74

Table legend: (Time is in decaauts)
 A = Elapsed time spent in this place.
 B = Non-inter-level travel time spent in this place.
 C = Inter-level travel time spent in this place.
 D = Time resting spent in this place.
 E = Time spent auto-exploring this place.
 F = Levels seen in this place.
 G = Mean time per level.
                   A        B        C        D        E       F      G
               +--------+--------+--------+--------+--------+-----+--------+
         Total |   2840 |   2840 |      0 |    687 |   1327 |   4 |  710.0 |
       Dungeon |   2840 |   2840 |      0 |    687 |   1327 |   4 |  710.0 |
               +--------+--------+--------+--------+--------+-----+--------+

Top non-repeatable levels by time:
     D:3: 1520 daAuts
     D:1: 739 daAuts
     D:2: 575 daAuts
     D:4: 4 daAuts
